 Dungeon Crawl Stone Soup version 0.30-a0-568-g124715a40b (webtiles) character file.

Game seed: 12359431663914642622

190 bmack86 the Trooper (level 5, -2/47 HPs)
             Began as a Minotaur Fighter on Dec 29, 2022.
             Slain by Blork the orc
             ... wielding a +0 glaive
              (6 damage)
             ... on level 4 of the Dungeon.
             The game lasted 00:07:52 (2075 turns).

bmack86 the Trooper (Minotaur Fighter)              Turns: 2075, Time: 00:07:52

Health: -2/47      AC:  8    Str: 22    XL:     5   Next: 41%
Magic:  4/4        EV:  9    Int:  5    God:
Gold:   104        SH:  4    Dex: 10    Spells: 4/4 levels left

rFire   . . .      SeeInvis .    a - +0 war axe (protect)
rCold   . . .      Faith    .    c - +0 buckler
rNeg    . . .      Spirit   .    b - +0 scale mail
rPois   .          Reflect  .    (helmet restricted)
rElec   .          Harm     .    (no cloak)
rCorr   +          Rampage  .    (no gloves)
Will    +....                    e - +0 pair of boots Stlth
                                 (no amulet)
HPRegen 0.27/turn                k - ring of resist corrosion
MPRegen 0.09/turn                m - ring of willpower

@: no status effects
A: horns 2, retaliatory headbutt
a: no special abilities


You were on level 4 of the Dungeon.
You visited 1 branch of the dungeon, and saw 4 of its levels.

You collected 104 gold pieces.

Inventory:

Hand Weapons
 a - a +0 war axe of protection (weapon)
Missiles
 g - a throwing net (quivered)
Armour
 b - a +0 scale mail (worn)
 c - a +0 buckler (worn)
 e - a +0 pair of boots (worn)
Jewellery
 i - an amulet of the acrobat
 j - a ring of fire
 k - a ring of resist corrosion (left hand)
 m - a ring of willpower (right hand)
 o - an amulet of regeneration
 p - a ring of fire
Scrolls
 n - a scroll of fear
 r - a scroll of teleportation
Potions
 d - a potion of might
 f - a potion of lignification {unknown}
 h - a potion of invisibility {unknown}
 q - a potion of brilliance {unknown}


   Skills:
 + Level 4.6 Fighting
 * Level 4.4 Axes
 + Level 1.2 Throwing
 + Level 4.5 Armour
 + Level 4.5 Shields


You had 4 spell levels left.
You didn't know any spells.
Your spell library contained the following spells:

 Spells                   Type           Power      Damage    Failure   Level
 Magic Dart               Conj           0%         1d3       87%         1
 Summon Small Mammal      Summ           0%         N/A       87%         1
 Call Imp                 Summ           0%         N/A       95%         2
 Call Canine Familiar     Summ           0%         N/A       99%         3
 Mephitic Cloud           Conj/Pois/Air  0%         N/A       99%         3
 Summon Guardian Golem    Hex/Summ       0%         N/A       99%         3


Dungeon Overview and Level Annotations

Branches:
Dungeon (4/15)
 Temple: D:4-7

Altars:
Nemelex Xobeh

Annotations:
D:4 Blork the orc


Innate Abilities, Weirdness & Mutations

You have a pair of horns on your head.
You reflexively headbutt those who attack you in melee.


Message History

It is a scroll of brand weapon.
Your +0 war axe projects an invisible shield of force!
a - a +0 war axe of protection (weapon)
You climb downwards.
There is a stone staircase leading up here.
Found a stone staircase leading down.
A goblin comes into view. It is wielding a +0 dagger.
The goblin shouts!
Blork the orc comes into view.
He is wielding a +0 glaive.
Blork the orc shouts!
Blork the orc hits you from afar with a +0 glaive!
You slash the goblin!
Your weapon exudes an aura of protection.
You kill the goblin!
Blork the orc barely misses you.
Blork the orc gestures wildly while chanting.
Blork the orc seems to speed up.
Things that are here:
a +0 dagger; a +0 buckler; a goblin corpse Blork the orc hits you from afar with a +0 glaive.
Blork the orc barely misses you.
Blork the orc hits you from afar with a +0 glaive!
Things that are here:
a +0 dagger; a +0 buckler; a goblin corpse Blork the orc hits you but does no damage.
You barely miss Blork the orc. You block Blork the orc's attack.
Blork the orc hits you with a +0 glaive.
You hit Blork the orc but do no damage.
Your weapon exudes an aura of protection.
Your headbutt misses Blork the orc. Blork the orc barely misses you.
Blork the orc hits you with a +0 glaive.
Blork the orc hits you but does no damage.
You barely miss Blork the orc. Your headbutt misses Blork the orc.
Blork the orc hits you with a +0 glaive!
* * * LOW HITPOINT WARNING * * *
Blork the orc hits you with a +0 glaive.
* * * LOW HITPOINT WARNING * * *
You closely miss Blork the orc.
Blork the orc hits you with a +0 glaive.
You die...

#..##......#
#..##......#
#..........#
##.##.....##
##...#.....#
#.....##.###
#.#####........>#
#......)....##.##
#.#####@...#####
#o#### #.# #.#
#.. ###


You could see Blork the orc (fast).

Vanquished Creatures
  An orc wizard (D:3)
  3 gnolls (D:3)
  2 adders (D:2)
  2 worms (D:2)
  3 dart slugs
  16 orcs (D:3)
  11 ball pythons
  5 endoplasms (D:1)
  4 giant cockroaches
  6 goblins
  3 hobgoblins
  9 jackals
  6 kobolds
  4 quokkas
  3 bats
  2 frilled lizards
  4 rats
84 creatures vanquished.

Notes
Turn   | Place    | Note
-------+----------+-------------------------------------------
     0 | D:1      | bmack86 the Minotaur Fighter began the quest for the Orb.
     0 | D:1      | Reached XP level 1. HP: 19/19 MP: 0/0
    97 | D:1      | Reached XP level 2. HP: 27/27 MP: 1/1
   283 | D:1      | Found a faded altar of an unknown god.
   329 | D:1      | Reached XP level 3. HP: 33/33 MP: 2/2
   937 | D:2      | Reached XP level 4. HP: 40/40 MP: 3/3
  1316 | D:3      | Reached XP level 5. HP: 17/47 MP: 4/4
  1319 | D:3      | Reached skill level 1 in Throwing
  1486 | D:3      | Identified the +5 ring mail "Semojait" {Rampage *Corrode
                  | rElec Will+}
  1770 | D:3      | Found a sparkling altar of Nemelex Xobeh.
  2065 | D:4      | Noticed Blork the orc
  2075 | D:4      | Slain by Blork the orc

Illustrated notes

Levels and vault maps discovered:
D:1:      psy_arrival_whirlpool, layout_basic, ebering_ecumenical_altar_rust
D:2:      layout_rooms
D:3:      layout_basic, nemelex_altar_shiori
D:4:      layout_loops_ring, mainiacjoe_overflow_small_starburst, serial_shops,
          shop, uniq_blork_the_orc

Skill      XL: |  1  2  3  4  5 |
---------------+----------------+-----
Axes           | 3 4 |  4.4
Fighting       | 4 |  4.6
Armour         | 4 |  4.5
Shields        | 4 |  4.5
Throwing       | 1 |  1.2

Action                   |  1- 3 |  4- 6 || total
-------------------------+-------+-------++-------
Melee: War axe           |    72 |    82 ||   154
       Headbutt          |     7 |    11 ||    18
Throw: Boomerang         |     8 |     1 ||     9
  Use: Scroll            |     3 |     4 ||     7
Armor: Scale mail        |    32 |    46 ||    78
Dodge: Dodged            |    49 |    52 ||   101
Block: Buckler           |    21 |    24 ||    45

Table legend: (Time is in decaauts)
 A = Elapsed time spent in this place.
 B = Non-inter-level travel time spent in this place.
 C = Inter-level travel time spent in this place.
 D = Time resting spent in this place.
 E = Time spent auto-exploring this place.
 F = Levels seen in this place.
 G = Mean time per level.
                   A        B        C        D        E       F      G
               +--------+--------+--------+--------+--------+-----+--------+
         Total |   2131 |   2003 |    128 |      0 |   1331 |   4 |  532.8 |
       Dungeon |   2131 |   2003 |    128 |      0 |   1331 |   4 |  532.8 |
               +--------+--------+--------+--------+--------+-----+--------+

Top non-repeatable levels by time:
     D:3: 816 daAuts
     D:1: 788 daAuts
     D:2: 484 daAuts
     D:4: 42 daAuts
